Hunger, chaotic female elven Wizard - . |. ------------ ----- B |..........| |...| #@##f####### |..........| #-...| # |..........| ###|..<| ## |..........| # -.--- -----------.-- |..........-#### #### |............. ##...........| # |............| # ------------ ## |............| ### ----.- |............| # |....| |............-####### |....| -------------- |...(| ------ Hunger the Evoker Experience level: 1 Strength: 9 Dexterity: 13 Constitution: 16 Intelligence: 15 Wisdom: 11 Charisma: 11 Health: 0(11) Energy: 8(8) AC: 7 Gold: 117 Moves: 843 Your Inventory: Coins $ - 117 gold pieces Weapons a - a blessed +1 quarterstaff (weapon in hands) Armor b - an uncursed +0 cloak of magic resistance (being worn) G - an [uncursed] +0 leather armor (being worn) Comestibles o - an [uncursed] cram ration q - an [uncursed] tripe ration t - an [uncursed] food ration v - an [uncursed] tripe ration Scrolls i - an uncursed scroll of create monster j - an uncursed scroll of remove curse k - an uncursed scroll of enchant weapon u - an [uncursed] scroll labeled KIRJE [of teleportation] x - an [uncursed] scroll labeled KERNOD WEL [of identify] y - 2 [uncursed] scrolls labeled TEMOV [of confuse monster] z - an [uncursed] scroll labeled LOREN IPSUM [of stinking cloud] Spellbooks l - a blessed spellbook of force bolt m - an uncursed spellbook of create monster A - an [uncursed] cyan spellbook [of turn undead] Potions f - an uncursed potion of gain ability g - an uncursed potion of levitation h - an uncursed potion of healing B - a [cursed] dark green potion [of full healing] C - an [uncursed] luminescent potion [of see invisible] J - an [uncursed] silver potion [of sickness] Rings d - an uncursed ring of invisibility e - an uncursed ring of warning Wands c - an uncursed wand of magic missile (0:8) Tools n - an uncursed leather drum r - an [uncursed] lock pick s - an [uncursed] stethoscope w - an [uncursed] magic whistle Gems D - an [uncursed] orange gem [worthless glass] E - an [uncursed] white gem [worthless glass] I - an [uncursed] yellowish brown gem [worthless glass] Spells known in the end: Name Level Category Fail Memory a - force bolt 1 attack 0% [||||||||] b - create monster 2 clerical 84% [||||||||] Your skills at the end: Fighting Skills Weapon Skills quarterstaff [Basic / Expert] Spellcasting Skills attack spells [Basic / Expert] enchantment spells [Basic / Skilled] Final Attributes: You were fervently aligned. Hunger level was 314. Your alignment was 13 / 14. Monster difficulty range was 0 - 2. Level difficulty was 3. You were magic-protected. You saw invisible. You had infravision. Your luck was zero. You are dead. Vanquished creatures: an acid blob a gecko 2 jackals a fox 2 grid bugs 3 lichens a kobold zombie 4 newts 15 creatures vanquished. Voluntary challenges: You were an atheist. You used a wielded weapon 5 times. You read items or engraved 3 times. You put on armor 6 times. You never genocided any monsters. You never polymorphed an object. You never changed form. You used no wishes. You wrote Elbereth's name 1 time. You never encountered a bones level. You never used any Sokoban shortcuts. Dungeon overview: The Dungeons of Doom: levels 1 to 3 Level 1 a long staircase Level 2 a general store, a fountain Level 3 <- You were here History has recorded: On T:1 you entered the Dungeons of Doom to retrieve the Amulet of Yendor! On T:195 you reached level 2 of The Dungeons of Doom. On T:329 you reached level 3 of The Dungeons of Doom. Latest messages: [2 turns] The door opens. You see here a yellowish brown gem. I - a yellowish brown gem. You displaced your kitten. You find a secret door. The door opens. The jackal bites! [HP-1=10] You displaced your kitten. You hear some noises. The jackal is killed! The kitten misses the jackal. (2x) The kitten bites the jackal. The jackal is killed! You displaced your kitten. [HP+1=11] J - a silver potion. The giant bat bites! (2x) [HP-9=2] You write "Elbereth" with your fingers into the dust. The giant bat bites! You die... Final status: Goodbye Hunger the Wizard... You died in The Dungeons of Doom on dungeon level 3 with 250 points, and 117 pieces of gold, after 843 moves. You were level 1 with a maximum of 11 hit points when you died.